 Dungeon Crawl Stone Soup version 0.16.0-8-gd9ae3a8 (console) character file.

50 gw the Stinger (level 4, -5/28 HPs)
             Began as a Halfling Venom Mage on Mar 17, 2015.
             Slain by Robin
             ... wielding a +0 falchion
              (10 damage)
             ... on level 2 of the Dungeon.
             The game lasted 00:00:37 (643 turns).

gw the Stinger (Halfling Venom Mage)                 Turns: 643, Time: 00:00:38

Health: -5/28      AC:  5    Str:  8    XL:     4   Next: 4%
Magic:  0/7        EV: 15    Int: 15    God:
Gold:   72         SH:  0    Dex: 14    Spells: 2 memorised, 3 levels left

rFire  . . .     SeeInvis .     (no weapon)
rCold  . . .     Clarity  .     a - +0 robe
rNeg   . . .     SustAb   .     (no shield)
rPois  .         Gourm    .     (no helmet)
rElec  .         Spirit   .     (no cloak)
rCorr  .         Warding  .     g - +2 pair of gloves
rMut   .         Stasis   .     (no boots)
MR     .....                    (no amulet)
Stlth  ++........               (no ring)
                                (no ring)

@: not resistant to hostile enchantments, unstealthy
A: mutation resistance 1
a: no special abilities


You were on level 2 of the Dungeon.
You were not hungry.

You visited 1 branch of the dungeon, and saw 2 of its levels.

You collected 72 gold pieces.

Inventory:

Missiles
 e - 36 stones (quivered)
Armour
 a - a +0 robe (worn)
 g - a +2 pair of gloves (worn)
Scrolls
 d - a scroll of remove curse {unknown}
 f - a scroll of blinking {unknown}
Books
 b - a Young Poisoner's Handbook

   Spells                             Type                      Level
   a - Sting                          Conjuration/Poison           1
   b - Cure Poison                    Poison                       2
   c - Mephitic Cloud                 Conjuration/Poison/Air       3
   d - Olgreb's Toxic Radiance        Poison                       4
   e - Venom Bolt                     Conjuration/Poison           5
Comestibles
 c - a bread ration


   Skills:
 + Level 1.1 Fighting
 + Level 1.0 Armour
 - Level 2.1 Dodging
 - Level 2.1 Stealth
 * Level 2.3 Spellcasting
 + Level 3.9 Poison Magic


You had 3 spell levels left.
You knew the following spells:

 Your Spells              Type           Power        Failure   Level  Hunger
a - Sting                 Conj/Pois      #...         12%         1    #......
b - Mephitic Cloud        Conj/Pois/Air  #.......     43%         3    ###....


Dungeon Overview and Level Annotations

Branches:
Dungeon (2/15)

Altars:
Ashenzari

Annotations:
D:2 Robin


Innate Abilities, Weirdness & Mutations

You are small and have problems with some larger weapons.
You are somewhat resistant to further mutation.


Message History

You kill the goblin!
The goblin barely misses you. The hobgoblin hits you with a club.
Robin throws the goblin at you! The goblin barely misses you.
Your magical contamination has completely faded away.
Unknown command.
Unknown command.
Unknown command.
FLEEEEING!
Attempting RANGED ATTACK TO (-1,-1); Fight failed; Making a random move You barely miss the goblin.
The goblin hits you but does no damage. The hobgoblin misses you.
The goblin closely misses you.
Robin drinks a potion.
Robin seems to grow stronger.
The goblin misses you.
Unknown command.
Unknown command.
Unknown command.
FLEEEEING!
Attempting RANGED ATTACK TO (-1,-1); Fight failed; Making a random move You hit Robin but do no damage.
The goblin hits you. The goblin misses you. The hobgoblin barely misses you.
Robin hits you with a falchion!
You die...

.#.... ... ##.# .....##
#.##.##. .. .....
#....... ..# ##...
....###..#.### #g#
##...# #.........##
#.###.#..#
.##..##......
#.#..#..####..##.
#.......
####.####......ggg...##
#.......
.....)).....#.ggpg..[#
#....>..
####.#########.####..#
##.....# #.#
..##..###.)..# #.#
.##..........
#.####..##.#.......#
######S........
#.###.###
#..%.........## #.
#.### #.#########.## #
#.... #.#####.#### #
#####


You could see Robin, a hobgoblin (frenzied) and 4 goblins.

Table legend:
 A = Turns spent in this place as a percentage of turns spent in the entire game.
 B = Non-inter-level travel turns spent in this place as a percentage of non-inter-level travel turns spent in the entire game.
 C = Inter-level travel turns spent in this place as a percentage of turns spent in this place.
 D = Turns resting spent in this place as a percentage of non-inter-level travel turns spent in this place.
 E = Turns spent auto-exploring this place as a percentage of non-inter-level travel turns spent in this place.
 F = Non-inter-level travel turns spent in this place divided by the number of levels of this place that you've seen.
                   A       B       C       D       E      F
               +-------+-------+-------+-------+-------+----------------------
         Total | 100.0 | 100.0 |   0.0 |   1.7 |   1.9 | 537.0
       Dungeon | 100.0 | 100.0 |   0.0 |   1.7 |   1.9 | 537.0
               +-------+-------+-------+-------+-------+----------------------

Table legend:
 A = Kills in this place as a percentage of kills in entire the game.
 B = Kills by you in this place as a percentage of kills by you in the entire game.
 C = Kills by friends in this place as a percentage of kills by friends in the entire game.
 D = Other kills in this place as a percentage of other kills in the entire game.
 E = Experience gained in this place as a percentage of experience gained in the entire game.
 F = Experience gained in this place divided by the number of levels of this place that you have seen.
                   A       B       C       D       E      F
               +-------+-------+-------+-------+-------+----------------------
         Total | 100.0 | 100.0 |  -nan |  -nan | 100.0 |  36.0
       Dungeon | 100.0 | 100.0 |  -nan |  -nan | 100.0 |  36.0
               +-------+-------+-------+-------+-------+----------------------

Vanquished Creatures
  Ijyb (D:2)
  Jessica (D:2)
  An adder (D:2)
  4 goblins (D:2)
  2 jackals (D:2)
  3 rats
  2 toadstools (D:1)
14 creatures vanquished.

Vanquished Creatures (others)
  2 toadstools (D:1)
2 creatures vanquished.

Grand Total: 16 creatures vanquished

Notes
Turn   | Place    | Note
--------------------------------------------------------------
     0 | D:1      | gw, the Halfling Venom Mage, began the quest for the Orb.
     0 | D:1      | Reached XP level 1. HP: 11/11 MP: 2/2
   221 | D:1      | Found a shattered altar of Ashenzari.
   240 | D:1      | You fall through a shaft!
   249 | D:2      | Noticed Jessica
   251 | D:2      | Noticed Ijyb
   255 | D:2      | Killed Jessica
   255 | D:2      | Reached XP level 2. HP: 15/18 MP: 0/4
   314 | D:2      | Killed Ijyb
   314 | D:2      | Reached skill level 1 in Armour
   314 | D:2      | Reached XP level 3. HP: 11/22 MP: 0/6
   468 | D:2      | Learned a level 3 spell: Mephitic Cloud
   612 | D:2      | Reached skill level 1 in Fighting
   621 | D:2      | Noticed Robin
   639 | D:2      | Reached XP level 4. HP: 19/28 MP: 0/7
   643 | D:2      | Slain by Robin

Action                   |  1- 3 |  4- 6 || total
-------------------------+-------+-------++-------
Melee: Unarmed           |    11 |     3 ||    14
 Cast: Sting             |    23 |     1 ||    24

Vault maps used:
D:1:      ldierk_water_garden, minmay_misc_feat_four_crosses, ashenzari_altar_1
D:2:      uniq_iyjb, uniq_robin, uniq_jessica
